 Dungeon Crawl Stone Soup version 0.30.1 (webtiles) character file.

Game seed: 856738098819441544

4107 7w4c the Carver (level 10, -7/88 HPs)
             Began as a Hill Orc Fighter on July 5, 2023.
             Was an Initiate of Gozag.
             Mangled by a yak (11 damage)
             ... on level 9 of the Dungeon.
             The game lasted 00:23:04 (8946 turns).

7w4c the Carver (Hill Orc Fighter)                  Turns: 8946, Time: 00:23:05

Health: -7/88      AC: 14    Str: 24    XL:     10   Next: 26%
Magic:  10/10      EV:  7    Int:  5    God:    Gozag
Gold:   1569       SH: 16    Dex: 20    Spells: 9/9 levels left

rFire   + + +        y - +4 long sword of Amaso {pain, rPois rF+++ Will+ Dex-2}
rCold   . . .        r - +0 tower shield
rNeg    + . .        B - +0 plate armour
rPois   +            (no helmet)
rElec   .            (no cloak)
rCorr   .            (no gloves)
SInv    .            w - +0 pair of boots of the Blessed Realm {rF+ rN+ Int-3}
Will    +....        (no amulet) Stlth
                     u - +6 ring of dexterity
HPRegen 0.34/turn    l - +6 ring of dexterity
MPRegen 0.12/turn

%: no passive effects
@: gold aura
A: no striking features
a: Renounce Religion, Potion Petition, Call Merchant, Bribe Branch


You were on level 9 of the Dungeon.
You worshipped Gozag.
Gozag was most pleased with you.
You visited 1 branch of the dungeon, and saw 9 of its levels.
You also visited: Sewer.

You collected 1590 gold pieces.
You paid 21 gold pieces to Gozag.

Inventory:

Hand Weapons
 a - a +2 war axe
 y - the +4 long sword of Amaso (weapon) {pain, rPois rF+++ Will+ Dex-2}
   (You found it in a sewer)

   Dex:       It affects your dexterity (-2).
   rF:        It renders you almost immune to fire.
   rPois:     It protects you from poison.
   Will:      It increases your willpower.
Missiles
 g - 2 throwing nets
Armour
 h - a +3 leather armour of poison resistance
 r - a +0 tower shield (worn)
 w - the +0 pair of boots of the Blessed Realm (worn) {rF+ rN+ Int-3}
   (You found it on level 3 of the Dungeon)

   Int:       It affects your intelligence (-3).
   rF:        It protects you from fire.
   rN:        It protects you from negative energy.
 B - a +0 plate armour (worn)
Magical Staves
 f - a staff of death
Jewellery
 l - a +6 ring of dexterity (right hand)
 u - a +6 ring of dexterity (left hand)
Wands
 p - a wand of roots (7) (quivered)
Scrolls
 c - a scroll of magic mapping
 j - a scroll of teleportation
 m - a scroll of fog
 n - 3 scrolls of amnesia
 o - 2 scrolls of brand weapon {unknown}
 q - 4 scrolls of immolation
 A - a scroll of summoning {unknown}
 C - a scroll of fear {unknown}
 E - a scroll of poison
 F - a scroll of enchant weapon
Potions
 d - a potion of might
 e - 4 potions of resistance {unknown}
 i - a potion of ambrosia {unknown}
 k - 2 potions of attraction {unknown}
 s - 3 potions of brilliance {unknown}
 t - 3 potions of invisibility {unknown}
 v - a potion of flight
 x - a potion of lignification {unknown}
 z - 6 potions of curing {unknown}
 D - a potion of heal wounds


   Skills:
 + Level 7.9 Fighting
 + Level 9.0 Long Blades
 + Level 5.4 Axes
 + Level 6.1 Armour
 + Level 4.1 Dodging
 + Level 2.0 Stealth
 + Level 7.7 Shields
 + Level 0.2 Evocations


You had 9 spell levels left.
You didn't know any spells.
Your spell library contained the following spells:

 Spells                   Type           Power      Damage    Failure   Level
 Beastly Appendage        Tmut           0%         N/A       100%        1
 Kiss of Death            Conj/Necr      0%         2d5       100%        1
 Necrotise                Necr           0%         1d4       100%        1
 Blink                    Tloc           0%         N/A       100%        2
 Ensorcelled Hibernation  Hex/Ice        0%         N/A       100%        2
 Lesser Beckoning         Tloc           0%         N/A       100%        2
 Momentum Strike          Conj/Tloc      0%         3d8       100%        2
 Passwall                 Tmut/Erth      0%         N/A       100%        2
 Wereblood                Tmut           0%         N/A       100%        2
 Confusing Touch          Hex            0%         N/A       100%        3
 Gell's Gravitas          Tloc           0%         N/A       100%        3
 Spider Form              Tmut/Pois      0%         N/A       100%        3
 Swiftness                Air            0%         N/A       100%        3
 Teleport Other           Tloc           0%         N/A       100%        3
 Tukima's Dance           Hex            0%         N/A       100%        3
 Vampiric Draining        Necr           0%         2d6       100%        3
 Dispel Undead            Necr           0%         3d6       100%        4
 Manifold Assault         Tloc           0%         N/A       100%        4
 Passage of Golubria      Tloc           0%         N/A       100%        4
 Summon Ice Beast         Ice/Summ       0%         N/A       100%        4
 Agony                    Necr           0%         N/A       100%        5
 Summon Mana Viper        Hex/Summ       0%         N/A       100%        5
 Yara's Violent Unravell  Hex/Tmut       0%         3d3       100%        5
 Dispersal                Tloc           0%         N/A       100%        6
 Monstrous Menagerie      Summ           0%         N/A       100%        7
 Disjunction              Tloc           0%         N/A       100%        8


Dungeon Overview and Level Annotations

Branches:
Dungeon (9/15)             Temple (0/1) D:4           Sewer (visited)
   Lair: D:8-11         Orc: D:9-12

Altars:
Ashenzari
Elyvilon
Fedhas
Gozag
Kikubaaqudgha
Makhleb
Okawaru
Ru
Vehumet
Wu Jian
Yredelemnul
Zin

Shops:
D:6 =


Message History

Roots grab the yak.
The yak is unaffected.
The grasping roots constrict the yak. x2
The roots release their grip on the yak.
The yak struggles to escape constriction.
The grasping roots constrict the yak.
You kill the yak!
You completely miss the yak.
The yak is heavily wounded.
The yak gores you but does no damage.
You slash the yak!
You kill the yak!
You hit the yak.
The yak is lightly wounded.
You block the yak's attack. The yak barely misses you.
You slash the yak!
The yak is heavily wounded.
The yak gores you but does no damage. x2
You slash the yak!
The yak is severely wounded.
You block the yak's attack. x2; The yak gores you.
* * * LOW HITPOINT WARNING * * *
You block the yak's attack.
You hit the yak.
The yak is severely wounded.
You block the yak's attack. x2
You slash the yak!
The yak is almost dead.
You block the yak's attack. The yak gores you!
* * * LOW HITPOINT WARNING * * *
You hit the yak but do no damage.
The yak is almost dead.
The yak gores you but does no damage.
The yak is distracted by your dazzling golden aura.
The yak bellows!
You hit the yak.
You kill the yak!
The yak gores you!
You die...
Your body crumbles into a pile of gold.

## #####
.[###...###+###
..............#
..............#
..............#
..............#
#....##.@..#
###...<##Y$..#
#............#
+............#
#............#
#.........[..#
#......##.$..#
#########....#
....... #..Y.#


You could see a yak.

Vanquished Creatures
  Joseph (D:7)
  3 hornets (D:8)
  3 yaks (D:9)
  A steam dragon (D:8)
  Edmund (D:6)
  A water moccasin (D:6)
  Pargi (Sewer)
  3 black bears
  A sky beast (D:6)
  3 ogres
  3 centaurs
  2 kobold brigands
  2 bullfrogs (D:7)
  6 scorpions
  5 howler monkeys (D:8)
  3 hounds
  3 jellies
  3 orc priests
  6 iguanas
  Natasha (thrice) (D:3)
  An orc wizard (D:5)
  6 adders
  4 gnolls (D:6)
  A white imp (D:6)
  2 ufetubi (D:5)
  3 worms (D:3)
  10 dart slugs (D:4)
  13 orcs
  5 endoplasms
  5 giant cockroaches
  11 goblins
  7 hobgoblins
  2 jackals (D:2)
  5 quokkas
  7 ball pythons
  9 bats
  2 frilled lizards
  20 kobolds
  7 rats
174 creatures vanquished.

Notes
Turn   | Place    | Note
-------+----------+-------------------------------------------
     0 | D:1      | 7w4c the Hill Orc Fighter began the quest for the Orb.
     0 | D:1      | Reached XP level 1. HP: 19/19 MP: 1/1
   162 | D:1      | Reached XP level 2. HP: 27/27 MP: 2/2
   688 | D:2      | Reached XP level 3. HP: 31/33 MP: 3/3
   986 | D:2      | Found an opulent altar of Gozag.
   997 | D:2      | Became a worshipper of Gozag Ym Sagoz the Greedy
  1616 | D:3      | Noticed Natasha
  1621 | D:3      | Reached XP level 4. HP: 40/40 MP: 4/4
  1628 | D:3      | Killed Natasha
  1703 | D:3      | Identified the +0 pair of boots of the Blessed Realm {rF+
                  | rN+ Int-3}
  1860 | D:3      | Found a glowing drain.
  1873 | Sewer    | Entered a sewer
  1969 | Sewer    | Noticed Pargi
  1981 | Sewer    | Killed Pargi
  1982 | Sewer    | Reached skill level 5 in Axes
  1982 | Sewer    | Reached skill level 1 in Dodging
  1982 | Sewer    | Reached XP level 5. HP: 22/47 MP: 5/5
  2082 | Sewer    | Identified the +4 long sword of Amaso {pain, rPois rF+++
                  | Will+ Dex-2}
  2237 | D:3      | Noticed Natasha
  2243 | D:3      | Killed Natasha
  2265 | D:3      | Found an opulent altar of Gozag.
  2265 | D:3      | Found a blossoming altar of Fedhas.
  2267 | D:3      | Found a sacrificial altar of Ru.
  2269 | D:3      | Found a broken altar of Ashenzari.
  2270 | D:3      | Found an ancient bone altar of Kikubaaqudgha.
  2374 | D:3      | Found an ornate altar of the Wu Jian Council.
  2382 | D:3      | Reached XP level 6. HP: 53/53 MP: 6/6
  2472 | D:3      | Noticed Natasha
  2475 | D:3      | Killed Natasha
  2476 | D:3      | Reached skill level 1 in Long Blades
  2518 | D:3      | Found a burning altar of Makhleb.
  2518 | D:3      | Found a white marble altar of Elyvilon.
  2665 | D:3      | Found a glowing silver altar of Zin.
  3164 | D:4      | Reached skill level 2 in Long Blades
  3454 | D:4      | Found a staircase to the Ecumenical Temple.
  3456 | D:4      | Reached skill level 3 in Long Blades
  3456 | D:4      | Reached XP level 7. HP: 60/60 MP: 7/7
  3673 | D:4      | Reached skill level 5 in Fighting
  4103 | D:5      | Entered Level 5 of the Dungeon
  4167 | D:5      | Reached skill level 4 in Long Blades
  4472 | D:5      | Found a radiant altar of Vehumet.
  4783 | D:5      | Reached skill level 1 in Stealth
  4819 | D:5      | Reached XP level 8. HP: 69/69 MP: 8/8
  4838 | D:5      | Reached skill level 5 in Long Blades
  5752 | D:6      | Reached skill level 6 in Long Blades
  5906 | D:6      | Reached skill level 5 in Shields
  6281 | D:6      | Found an iron altar of Okawaru.
  6340 | D:6      | Found Retais's Jewellery Shop.
  6346 | D:6      | Reached skill level 7 in Long Blades
  6346 | D:6      | Reached XP level 9. HP: 67/77 MP: 9/9
  6378 | D:6      | Noticed Edmund
  6405 | D:6      | HP: 3/78 [Edmund/+3 flail of protection (5)]
  6406 | D:6      | HP: 1/78 [gnoll/+0 whip (3)]
  6411 | D:6      | Killed Edmund
  7283 | D:7      | Noticed Joseph
  7302 | D:7      | Killed Joseph
  7303 | D:7      | Reached skill level 8 in Long Blades
  7303 | D:7      | Reached skill level 5 in Armour
  8097 | D:8      | Noticed a hornet
  8105 | D:8      | Noticed a hornet
  8118 | D:8      | Killed a hornet
  8119 | D:8      | Reached XP level 10. HP: 56/86 MP: 10/10
  8125 | D:8      | Paralysed by a hornet for 2 turns
  8328 | D:8      | Found a basalt altar of Yredelemnul.
  8454 | D:8      | Paralysed by a hornet for 1 turns
  8456 | D:8      | Reached skill level 9 in Long Blades
  8944 | D:9      | HP: 4/88 [yak (12)]
  8946 | D:9      | Mangled by a yak

Illustrated notes

Levels and vault maps discovered:
D:1:      heliophobic_arrival_battle_scene, layout_rooms
D:2:      layout_loops_ring, basic_altar
D:3:      layout_loops_ring, lemuel_doored_altar, grunt_temple_overflow_open,
          nicolae_wu_jian_wuxing_cycle, gammafunk_temple_overflow_wave,
          gup_sewer_entry_bubbles, uniq_natasha
D:4:      kennysheep_slugbush, layout_loops_ring,
          minmay_temple_entry_proselytizer, moated_statue, minmay_quadrilaterals
D:5:      layout_basic, nicolae_vehumet_altar_sigil, kennysheep_generic_room_8
D:6:      layout_cave_pools, okawaru_altar_gauntlet_db, serial_shops,
          nicolae_stop_n_shop_2, uniq_edmund
D:7:      layout_loops_ring, uniq_joseph
D:8:      layout_loops_ring, mainiacjoe_overflow_small_starburst
D:9:      minmay_the_grid_3x3 [minmay_the_grid_aliased_spiral,
          minmay_the_grid_pillar_ring, minmay_the_grid_empty,
          minmay_the_grid_small_cups, minmay_the_grid_empty,
          minmay_the_grid_minigrid_small, minmay_the_grid_minigrid_medium,
          minmay_the_grid_garden, minmay_the_grid_prize_four_corners_diamond_a],
          layout_gridville, tso_altar, nicolae_uskayaw_dance_hall, orc_0_dummy,
          serial_shops, shop

Skill      XL: |  1  2  3  4  5  6  7  8  9 10 |
---------------+-------------------------------+-----
Axes           | 3 4 5 |  5.4
Fighting       | 4 5 6 7 |  7.9
Dodging        | 1 2 3 4 |  4.1
Shields        | 4 5 7 |  7.7
Long Blades    | 3 4 7 8 9 |  9.0
Armour         | 4 5 6 |  6.1
Stealth        | 1 2 |  2.0
Evocations     | |  0.2

Action                     |  1- 3 |  4- 6 |  7- 9 | 10-12 || total
---------------------------+-------+-------+-------+-------++-------
  Melee: War axe           |   109 |    74 |       |       ||   183
         Long sword        |       |    94 |   265 |    51 ||   410
  Throw: Throwing net      |       |     1 |       |       ||     1
  Evoke: Wand              |       |       |     2 |     3 ||     5
    Use: Scroll            |     1 |     8 |     9 |     3 ||    21
         Potion            |       |       |     4 |     1 ||     5
   Stab: Sleeping          |       |       |     2 |       ||     2
         Distracted        |       |       |     1 |       ||     1
 Armour: Scale mail        |    13 |       |       |       ||    13
         Leather armour    |    55 |    99 |    95 |       ||   249
         Plate armour      |       |       |    16 |    26 ||    42
  Dodge: Dodged            |    74 |   121 |   153 |    17 ||   365
  Block: Buckler           |    30 |    58 |    70 |       ||   158
         Tower shield      |       |       |   177 |    55 ||   232
